 Dungeon Crawl Stone Soup version 0.30.0-3-ga4e48a9924 (webtiles) character file.

Game seed: 670557412737783827

179 firemarshallily the Sneak (level 5, -6/50 HPs)
             Began as a Naga Brigand on May 8, 2023.
             Was a Believer of Lugonu.
             Mangled by an ogre
             ... wielding a +0 giant club
              (14 damage)
             ... on level 6 of the Dungeon.
             The game lasted 00:08:22 (2700 turns).

firemarshallily the Sneak (Naga Brigand)            Turns: 2700, Time: 00:08:22

Health: -6/50      AC:  6    Str: 14    XL:     5   Next: 59%
Magic:  5/5        EV: 24    Int: 11    God:    Lugonu [**....]
Gold:   161        SH:  0    Dex: 14    Spells: 4/4 levels left

rFire   + . .        a - +2 dagger
rCold   + . .        (no shield)
rNeg    . . .        b - +1 robe
rPois   +            (no helmet)
rElec   +            t - +2 cloak
rCorr   +            (no gloves)
SInv    +            (no barding)
Will    .....        h - amulet of the acrobat
Stlth   +++          v - ring of flight
HPRegen 0.28/turn    (no ring)
MPRegen 0.09/turn

%: acrobat
@: resistant, on berserk cooldown, acrobatic, flying, slowed, very slow
A: AC +1, large, see invisible, deformed body, poison resistance, slowness 2,
spit poison 1, naga tail 1
a: Spit Poison, Renounce Religion, Depart the Abyss, Banish


You were on level 6 of the Dungeon.
You worshipped Lugonu.
Lugonu was pleased with you.
You visited 1 branch of the dungeon, and saw 4 of its levels.
You visited the Abyss 1 time.

You collected 161 gold pieces.

Inventory:

Hand Weapons
 a - a +2 dagger (weapon)
 s - a +4 quarterstaff of chaos
Missiles
 d - 16 poisoned darts
 e - 3 curare-tipped darts
Armour
 b - a +1 robe (worn)
 t - a +2 cloak (worn)
Jewellery
 h - an amulet of the acrobat (around neck)
 v - a ring of flight (left hand)
Wands
 n - a wand of quicksilver (11)
Scrolls
 l - a scroll of magic mapping
 m - a scroll of immolation
Potions
 p - 2 potions of curing
 q - 2 potions of mutation {unknown}


   Skills:
 * Level 3.7 Fighting
 * Level 3.9 Short Blades
 - Level 1.7 Throwing
 - Level 0.7 Dodging
 + Level 6.9 Stealth


You had 4 spell levels left.
You didn't know any spells.
Your spell library was empty.

Dungeon Overview and Level Annotations

Branches:
Dungeon (6/15)
 Temple: D:4-7

Altars:
Cheibriados
Nemelex Xobeh
Vehumet

Annotations:
D:6 leafyfresh's ghost, weakling GnDe


Innate Abilities, Weirdness & Mutations

Your serpentine skin is tough. (AC +1)
You have supernaturally acute eyesight. (SInv)
Armour fits poorly on your strangely shaped body.
Your system is resistant to poisons. (rPois)
You cover ground very slowly.
You can spit poison.
You have a snake-like lower body.


Message History

You are exhausted.
You feel yourself slow down. The bullfrog completely misses you.
The bullfrog misses you.
The white imp hits you but does no damage.
The bullfrog closely misses you.
The bullfrog hits you but does no damage.
The white imp gestures at you. The puff of frost hits you. You resist.
* * * LOW HITPOINT WARNING * * *
The bullfrog misses you. The white imp completely misses you.
The white imp attacks as you move away! The white imp barely misses you.
The ogre's inner flame fades away.
The white imp's inner flame fades away.
The bullfrog closely misses you. The bullfrog misses you.
The white imp barely misses you. The bullfrog barely misses you.
The bullfrog misses you. The white imp gestures at you.
The puff of frost misses you.
The howler monkey howls!
The bullfrog barely misses you.
Leafyfresh's ghost whispers, "The ORB doesn't exist."
The bullfrog misses you. The white imp completely misses you.
The bullfrog's inner flame fades away.
The bullfrog closely misses you. The ogre misses you.
The bullfrog closely misses you. The white imp gestures at you.
The puff of frost hits you. You resist.
* * * LOW HITPOINT WARNING * * *
The ogre attacks as you move away! The ogre barely misses you.
The bullfrog hits you.
* * * LOW HITPOINT WARNING * * *
The bullfrog completely misses you. The ogre closely misses you.
The bullfrog closely misses you. The bullfrog completely misses you.
The bullfrog closely misses you. The ogre attacks as you move away!
The ogre closely misses you. The bullfrog closely misses you.
The ogre completely misses you. The bullfrog misses you.
The white imp attacks as you move away!
The white imp hits you but does no damage.
The bullfrog attacks as you move away! The bullfrog misses you.
The ogre attacks as you move away! The ogre hits you with a +0 giant club!
You die...

..#..y)...*...** **,,* *,,,,**
..#...yh..*..#* *,,** **,,,,*
..#########..# *,,,* **,,,,
.............# **,,* **,,,
.............# *,,** **,,
...........### *,,<* ***,,
......#..$...#### **,,*****,,,,
...............5######..,,,,,,,,,
.......####....F@.......,,,,,,,,,
.###..## ####.O........,,,**,,,,
......#* ###........,,,,,,,,,
.......# ##.......,,,,,,,,,
..###..#* *##.....,,,,,,,,, ###
##..** ****,,.....,,,,,,,*,
*...*****,,,,,,....,,,,,,,*,
**,,,**,,,,,,,,....,,,,,,,*,
**,,,,,,,,,,,,,,,,^,,,,,,**


You could see an ogre, a bullfrog and a white imp.

Vanquished Creatures
  A scorpion (D:3)
  Crazy Yiuf (D:2)
  4 adders
  A worm (D:3)
  2 dart slugs
  An orc (D:3)
  3 endoplasms (D:1)
  3 giant cockroaches
  6 goblins
  5 hobgoblins (D:1)
  2 jackals (D:3)
  A quokka (D:1)
  4 ball pythons
  4 bats
  4 frilled lizards
  4 kobolds
  8 rats
54 creatures vanquished.

Notes
Turn   | Place    | Note
-------+----------+-------------------------------------------
     0 | D:1      | firemarshallily the Naga Brigand began the quest for the
                  | Orb.
     0 | D:1      | Reached XP level 1. HP: 19/19 MP: 1/1
   116 | D:1      | Reached skill level 6 in Stealth
   116 | D:1      | Reached XP level 2. HP: 19/26 MP: 2/2
   646 | D:1      | Reached XP level 3. HP: 29/33 MP: 3/3
  1679 | D:2      | Reached XP level 4. HP: 40/42 MP: 4/4
  1702 | D:2      | Found a radiant altar of Vehumet.
  2025 | D:2      | Found a runed translucent door.
  2026 | D:2      | Noticed Crazy Yiuf
  2033 | Abyss:1  | Cast into level 1 of the Abyss (Crazy Yiuf)
  2067 | Abyss:1  | Found a corrupted altar of Lugonu.
  2069 | Abyss:1  | Noticed a tentacled starspawn
  2069 | Abyss:1  | Noticed a small abomination
  2073 | Abyss:1  | Became a worshipper of Lugonu the Unformed
  2073 | Abyss:1  | Reached * piety under Lugonu
  2073 | Abyss:1  | Reached ** piety under Lugonu
  2074 | D:2      | Escaped the Abyss
  2082 | D:2      | Killed Crazy Yiuf
  2305 | D:3      | Reached XP level 5. HP: 48/49 MP: 5/5
  2403 | D:3      | Found a snail-covered altar of Cheibriados.
  2597 | D:3      | You are sucked into a shaft and drop 3 floors!
  2624 | D:6      | Noticed a black bear
  2643 | D:6      | Found a sparkling altar of Nemelex Xobeh.
  2644 | D:6      | Noticed an ogre
  2681 | D:6      | Noticed a hornet
  2690 | D:6      | Noticed leafyfresh's ghost (weakling GnDe)
  2700 | D:6      | Mangled by an ogre

Illustrated notes

Levels and vault maps discovered:
D:1:      minmay_arrival_nine_rooms, layout_basic, serial_bayou_pond_b,
          st_stairs_10, chequers_jeans, minmay_ruptured
D:2:      layout_loops_ring, basic_altar, uniq_crazy_yiuf_cottage
D:3:      layout_loops_corners, cheibriados_altar_1, mainiacjoe_overflow_paths,
          shapermc_ecumenical_altar_totnotflames,
          wander_ebering_terrifying_dragon_lair
D:6:      layout_layer_cave, nemelex_dance_club_becter, gammafunk_ghost_split,
          uniq_edmund

Skill      XL: |  1  2  3 |
---------------+----------+-----
Stealth        | 6 |  6.9
Short Blades   | 3 |  3.9
Fighting       | 3 |  3.7
Throwing       | |  1.7
Dodging        | |  0.7

Action                     |  1- 3 |  4- 6 || total
---------------------------+-------+-------++-------
  Melee: Dagger            |   103 |    44 ||   147
         Punch             |       |     1 ||     1
  Throw: Dart              |     1 |       ||     1
 Invoke: Depart the Abyss  |       |     1 ||     1
Ability: Spit Poison       |    14 |     6 ||    20
    Use: Scroll            |       |     8 ||     8
         Potion            |       |     5 ||     5
   Stab: Sleeping          |    10 |     5 ||    15
         Distracted        |     1 |       ||     1
 Armour: Robe              |    13 |    20 ||    33
  Dodge: Dodged            |    55 |    72 ||   127
